 Dungeon Crawl Stone Soup version 0.28-a0-1555-g9ae15a6949 (webtiles) character file.

Game seed: 4258534707512189757

793 Hasart the Insei (level 7, -3/46 HPs)
             Began as an Octopode Transmuter on Jan 18, 2022.
             Slain by a two-headed ogre (26 damage)
             ... on level 5 of the Dungeon.
             The game lasted 00:06:52 (5360 turns).

Hasart the Insei (Octopode Transmuter)              Turns: 5360, Time: 00:06:52

Health: -3/46      AC:  2    Str: 16    XL:     7   Next: 88%
Magic:  20/20      EV: 21    Int: 17    God:
Gold:   266        SH:  0    Dex: 17    Spells: 6/12 levels left

rFire   . . .      SeeInvis .     - Unarmed
rCold   . . .      Faith    .   (shield currently unavailable)
rNeg    . . .      Spirit   .   (helmet currently unavailable)
rPois   .          Reflect  .   e - amulet of magic regeneration
rElec   .          Harm     .   a - ring of poison resistance
rCorr   .          Rampage  .   j - +6 ring of strength
Will    .....                   m - ring of magical power
Stlth   ++........              (no ring)
HPRegen 0.15/turn               (no ring)
MPRegen 0.57/turn               (no ring)
                                (no ring)
                                (no ring)

@: spider-form (expiring), wereblooded
A: venomous fangs, almost no armour, (amphibious), 8 rings, tiny, (camouflage
1), (gelatinous body 1), (nimble swimmer 1), (tentacles)
a: End Transformation


You were on level 5 of the Dungeon.
You were a venomous arachnid creature.
You visited 1 branch of the dungeon, and saw 5 of its levels.

You collected 266 gold pieces.

Inventory:

Missiles
 g - 14 poisoned darts (quivered)
 q - 4 javelins
Jewellery
 a - a ring of poison resistance (left front leg)
 e - an amulet of magic regeneration (around neck)
 j - a +6 ring of strength (right front leg)
 m - a ring of magical power (on tentacle)
Scrolls
 c - 6 scrolls of identify {unknown}
 d - a scroll of vulnerability {unknown}
 i - a scroll of brand weapon {unknown}
 l - 2 scrolls of teleportation {unknown}
 n - a scroll of blinking {unknown}
 o - a scroll of holy word {unknown}
 p - a scroll of torment {unknown}
 t - 2 scrolls of fear {unknown}
 v - a scroll of magic mapping {unknown}
 w - a scroll of noise {unknown}
Potions
 b - 2 potions of curing {unknown}
 f - 3 potions of lignification {unknown}
 h - a potion of attraction {unknown}
 k - a potion of degeneration {unknown}
 r - a potion of mutation {unknown}
 s - a potion of flight {unknown}
 u - a potion of heal wounds {unknown}


   Skills:
 + Level 3.1 Fighting
 + Level 2.4 Throwing
 + Level 3.6 Dodging
 * Level 5.2 Unarmed Combat
 + Level 3.3 Spellcasting
 + Level 3.5 Transmutations
 + Level 3.0 Poison Magic


You had 6 spell levels left.
You knew the following spells:

 Your Spells              Type           Power      Damage    Failure   Level
a - Beastly Appendage     Tmut           30%        N/A       12%         1
b - Wereblood             Tmut           15%        N/A       17%         2
c - Spider Form           Tmut/Pois      14%        N/A       30%         3

Your spell library contained the following spells:

 Spells                   Type           Power      Damage    Failure   Level
 Gell's Gravitas          Tloc           2%         N/A       67%         3
 Lesser Beckoning         Tloc           2%         N/A       67%         3
 Teleport Other           Tloc           2%         N/A       67%         3
 Ice Form                 Ice/Tmut       8%         N/A       82%         4


Dungeon Overview and Level Annotations

Branches:
Dungeon (5/15)
 Temple: D:4-7

Altars:
Hepliaklqana
Makhleb
Sif Muna
Beogh


Innate Abilities, Weirdness & Mutations

You are a venomous arachnid creature.
You have poisonous fangs.
You are tiny and dextrous.
Your spellcasting is less reliable in this form.
Your armour is entirely melded.
You are incapable of wielding weapons or throwing items.
You cannot wear most types of armour.
((You are amphibious.))
You can wear up to eight rings at the same time.
((Your skin changes colour to match your surroundings (Stealth+).))
((Your rubbery body absorbs attacks. (AC +1, EV +1)))
((You are camouflaged when in or above water. (Stealth+)))
((You have tentacles for arms and can constrict up to eight enemies at once.))


Message History

You hit the gnoll.
The gnoll looks as sick as possible!
The gnoll is severely wounded.
Your transformation is almost over.
You kill the gnoll!
The gnoll completely misses you. The gnoll closely misses you.
Things that are here:
a +0 whip; a +0 flail; a gnoll corpse You hit the gnoll.
The gnoll is poisoned.
The gnoll is heavily wounded.
The gnoll closely misses you.
You bite the gnoll!
You kill the gnoll!
You hiss as the wereblood boils in your veins!
Your magical contamination has completely faded away.
The gnoll barely misses you.
A two-headed ogre comes into view.
It is wielding a +0 giant club and a +0 giant spiked club.
Things that are here:
a +0 spear; a gnoll corpse You bite the gnoll!
The gnoll is poisoned.
The gnoll is severely wounded.
The gnoll completely misses you.
You hit the gnoll.
You kill the gnoll!
Your Poison Magic skill increases to level 3!
You hit the two-headed ogre.
The two-headed ogre is lightly wounded.
The two-headed ogre hits you with a +0 giant club!!
Ouch! That really hurt!
The two-headed ogre misses you.
You hit the two-headed ogre.
The two-headed ogre is lightly wounded.
You bite the two-headed ogre!
The two-headed ogre is poisoned.
The two-headed ogre is moderately wounded.
The two-headed ogre closely misses you. The two-headed ogre misses you.
You bite the two-headed ogre!
The two-headed ogre is heavily wounded.
The two-headed ogre hits you with a +0 giant club!!
Ouch! That really hurt!
You die...

#######.###
#..)sO....#
##.#####.#.#
#..# ########.##
### #.......).#
#_# #.######.##
##.## ####.####
#### ##...##
#.......####.###
#..#..#
#.##.##.##.....#
#.###.#


You could see a two-headed ogre (very poisoned).

Vanquished Creatures
  Menkaure (D:4)
  An ice beast (D:4)
  A sky beast (D:5)
  A necrophage (D:5)
  A water moccasin skeleton (D:5)
  A howler monkey (D:5)
  A centaur zombie (D:5)
  A hound (D:5)
  A bullfrog zombie (D:5)
  A bullfrog skeleton (D:5)
  A hound skeleton (D:4)
  4 gnolls (D:5)
  3 adders
  2 worms
  4 dart slugs
  14 orcs
  2 bats (D:2)
  6 endoplasms
  3 giant cockroaches (D:2)
  7 goblins
  4 hobgoblins
  5 jackals
  6 quokkas
  5 ball pythons
  3 frilled lizards
  7 kobolds
  A quokka skeleton (D:4)
  6 rats
93 creatures vanquished.

Notes
Turn   | Place    | Note
-------+----------+-------------------------------------------
     0 | D:1      | Hasart the Octopode Transmuter began the quest for the Orb.
     0 | D:1      | Reached XP level 1. HP: 13/13 MP: 3/3
   203 | D:1      | Reached XP level 2. HP: 11/18 MP: 5/5
  1242 | D:2      | Reached XP level 3. HP: 20/23 MP: 6/6
  1273 | D:2      | You fall into a shaft and drop 1 floor!
  1700 | D:2      | Learned a level 2 spell: Wereblood
  1704 | D:2      | Learned a level 3 spell: Spider Form
  1986 | D:2      | Reached XP level 4. HP: 29/29 MP: 7/7
  2576 | D:2      | Found a faded altar of an unknown god.
  3425 | D:4      | Reached XP level 5. HP: 22/34 MP: 8/8
  3430 | D:4      | Reached skill level 1 in Poison Magic
  3639 | D:4      | Noticed an ice beast
  3645 | D:4      | Reached skill level 1 in Throwing
  3663 | D:4      | Killed an ice beast
  3664 | D:4      | Reached skill level 4 in Unarmed Combat
  3664 | D:4      | Reached XP level 6. HP: 16/40 MP: 9/9
  4025 | D:4      | Noticed Menkaure
  4038 | D:4      | Killed Menkaure
  4332 | D:5      | Entered Level 5 of the Dungeon
  4590 | D:5      | Reached XP level 7. HP: 40/45 MP: 11/11
  4797 | D:5      | Reached skill level 5 in Unarmed Combat
  5161 | D:5      | Found a burning altar of Makhleb.
  5161 | D:5      | Found a faded altar of an unknown god.
  5167 | D:5      | Found a hazy altar of Hepliaklqana.
  5169 | D:5      | Found a faded altar of an unknown god.
  5171 | D:5      | Found a shimmering blue altar of Sif Muna.
  5354 | D:5      | Noticed a two-headed ogre
  5360 | D:5      | Slain by a two-headed ogre

Illustrated notes

Levels and vault maps discovered:
D:1:      amcnicky_arrival_feature_with_door, layout_basic
D:2:      layout_basic, hellmonk_ecumenical_altar_defaced_shrine
D:3:      layout_basic, minmay_misc_feat_rugged, saegor_snake_ambush
D:4:      layout_rooms, uniq_menkaure
D:5:      layout_loops_cross, chequers_temple_overflow_minitemple

Skill      XL: |  1  2  3  4  5  6  7 |
---------------+----------------------+-----
Fighting       | 2 3 |  3.1
Poison Magic   | 1 2 3 |  3.0
Throwing       | 1 2 |  2.4
Dodging        | 3 |  3.6
Unarmed Combat | 4 5 |  5.2
Transmutations | 3 |  3.5
Spellcasting   | 3 |  3.3

Action                   |  1- 3 |  4- 6 |  7- 9 || total
-------------------------+-------+-------+-------++-------
Melee: Unarmed           |    88 |   117 |    41 ||   246
       Constrict         |    24 |    30 |     2 ||    56
       Tentacles         |    21 |    20 |     2 ||    43
       Punch             |     2 |     2 |     1 ||     5
       Kick              |     1 |    12 |     1 ||    14
 Cast: Beastly Appendage |     1 |     6 |     2 ||     9
       Wereblood         |       |     3 |     1 ||     4
       Spider Form       |       |     1 |     2 ||     3
 Stab: Sleeping          |    12 |     4 |       ||    16
Armor: Skin              |     5 |     7 |     1 ||    13
Dodge: Dodged            |    43 |    61 |    29 ||   133

Table legend: (Time is in decaauts)
 A = Elapsed time spent in this place.
 B = Non-inter-level travel time spent in this place.
 C = Inter-level travel time spent in this place.
 D = Time resting spent in this place.
 E = Time spent auto-exploring this place.
 F = Levels seen in this place.
 G = Mean time per level.
                   A        B        C        D        E       F      G
               +--------+--------+--------+--------+--------+-----+--------+
         Total |   5341 |   5234 |    107 |    534 |   3961 |   5 | 1068.2 |
       Dungeon |   5341 |   5234 |    107 |    534 |   3961 |   5 | 1068.2 |
               +--------+--------+--------+--------+--------+-----+--------+

Top non-repeatable levels by time:
     D:2: 1389 daAuts
     D:1: 1232 daAuts
     D:5: 1023 daAuts
     D:4: 973 daAuts
     D:3: 722 daAuts
